AoeStats
← Michi3052

Arabian Desert

508885624Analyzed
1v1 RM · 7d ago on Sep 24, 2026· 41m 44s· 2 players
Game mode
Random Map
Map size
Tiny (2 player)
Population
200
Speed
Normal
Resources
Standard
Victory
Conquest
Starting age
Dark Age
Ending age
Imperial Age
RankedLock teamsTeams togetherTeam positionsShared explorationLock speedFull tech treeHidden civsTurbo modeCheats
Victory
Defeat
🇪🇸 Turks · Spain
730
+15
🇨🇭 Franks · Switzerland
714
-15
Douglas505_225
10:30 Feudal Age
14:53 Castle Age
15:56 Loom
20:10 Double-Bit Axe
27:13 Forging
27:19 Scale Barding Armor
30:42 Gold Mining
30:47 Stone Mining
33:40 Imperial Age
31:26 Ordonnance Companies
33:51 Cavalier
35:24 Gold Shaft Mining
34:56 Elite Throwing Axeman
37:14 Bow Saw
37:08 Paladin
39:08 Iron Casting
Michi3052
10:55 Feudal Age
11:47 Double-Bit Axe
13:35 Loom
14:24 Bloodlines
21:23 Castle Age
21:49 Gold Mining
21:42 Horse Collar
22:16 Bow Saw
24:32 Wheelbarrow
29:36 Imperial Age
28:24 Fletching
30:20 Gold Shaft Mining
31:16 Bodkin Arrow
34:29 Padded Archer Armor
40:57 Bracer
41:07 Thumb Ring
Connection lost

Rejoining the realm…

Still unreachable

The connection could not be restored.

Session expired

The server has moved on; the page needs a fresh start.